 Dungeon Crawl Stone Soup version 0.26-a0-30-g56b8cd3df0 (webtiles) character file.

Game seed: 16034893811439216008, levelgen mode: deterministic

165 MisterFreud the Slasher (level 5, -6/37 HPs)
             Began as an Octopode Gladiator on May 29, 2020.
             Killed from afar by an orc wizard (11 damage)
             ... with a puff of flame
             ... on level 3 of the Dungeon.
             The game lasted 00:02:42 (2920 turns).

MisterFreud the Slasher (Octopode Gladiator)        Turns: 2920, Time: 00:02:44

Health: -6/37      AC:  5    Str: 14    XL:     5   Next: 46%
Magic:  5/5        EV: 14    Int: 11    God:
Gold:   109        SH:  0    Dex: 13    Spells: 4/4 levels left

rFire    . . .     SeeInvis .   a - +0 long sword
rCold    . . .     Gourm    .   (no shield)
rNeg     . . .     Faith    .   b - +0 hat
rPois    .         Spirit   .   (no amulet)
rElec    .         Reflect  .   m - +4 ring of protection
rCorr    .         Harm     .   (no ring)
MR       .....                  (no ring)
Stlth    ++........             (no ring)
HPRegen  0.12/turn              (no ring)
MPRegen  0.09/turn              (no ring)
                                (no ring)
                                (no ring)

@: brilliant, lethally poisoned (-6 -> -13)
A: almost no armour, stealthy swim, amphibious, 8 rings, constrict 8, camouflage
1, gelatinous body 1
a: no special abilities


You were on level 3 of the Dungeon.
You were not hungry.

You visited 1 branch of the dungeon, and saw 3 of its levels.

You collected 109 gold pieces.

Inventory:

Hand Weapons
 a - a +0 long sword (weapon)
Missiles
 c - 3 throwing nets
 o - 11 poisoned darts (quivered)
Armour
 b - a +0 hat (worn)
Jewellery
 m - a +4 ring of protection (left tentacle)
Scrolls
 e - 7 scrolls of identify {unknown}
 h - a scroll of immolation {unknown}
 i - 2 scrolls of magic mapping {unknown}
 j - 7 scrolls of enchant armour {unknown}
 p - a scroll of fog {unknown}
 q - a scroll of teleportation {unknown}
Potions
 g - a potion of curing {unknown}
 k - a potion of brilliance
 l - a potion of flight {unknown}
 r - a potion of cancellation {unknown}
Comestibles
 d - 6 rations
 n - 7 chunks of flesh


   Skills:
 - Level 4.0 Fighting
 + Level 4.8 Long Blades
 - Level 2.0 Throwing
 - Level 3.0 Dodging


You had 4 spell levels left.
You didn't know any spells.
Your spell library was empty.

Dungeon Overview and Level Annotations

Branches:
Dungeon (3/15)

Altars:

Annotations:
D:3 1 transporter, Sassenached's ghost, amateur DgWn


Innate Abilities, Weirdness & Mutations

You cannot wear most types of armour.
You are very stealthy in the water. (Stealth+)
You are amphibious.
You can wear up to eight rings at the same time.
You can use your tentacles to constrict eight enemies at once.
Your skin changes colour to match your surroundings (Stealth+).
Your rubbery body absorbs attacks. (AC +1, EV +1)


Message History

Unknown command.
You miss something. You constrict the orc.
You kill the orc!
You feel sick. Something barely misses you. The gnoll misses you.
Unknown command.
Unknown command.
Unknown command.
You hit something.
You feel sick. Something hits you.
* * * LOW HITPOINT WARNING * * *
Something hits you but does no damage. The gnoll hits you but does no damage.
Something hits you.
* * * LOW HITPOINT WARNING * * *
* * * LOW HITPOINT WARNING * * *
You feel sick.
* * * LOW HITPOINT WARNING * * *
You feel sick.
You hear some strange, mumbled words.
A puff of flame appears from out of thin air!
The puff of flame hits you!
You die...

....#....g# #.<# ###.....#
...W#...g.# #..# #.......#
...[#©....# #..# #.#.....#
...K#..#..## #..# #.####..#
...K#...(.†###o.#####.####..#
...8#.##...gg)..............#
...##.##..####g.{....†......#
####..##..# ###..###...#####
..)..###..# #@.# #...# #.##.#
#..# #..# #...# #.##.# #...#
#..# #.w.# #.##.##.###.##
#..# #...## #.##.#.#
#.###..###..... #.##.#.#
#......÷....# #.##.#.##
##......####.#
#.......###....>.......#
########...#####.#######


You could see an orc.

Vanquished Creatures
  8 adders
  An ooze (D:1)
  6 worms
  2 dart slugs
  2 leopard geckos (D:2)
  An orc (D:3)
  4 giant cockroaches
  6 goblins
  7 hobgoblins
  9 kobolds
  A quokka (D:3)
  10 bats
  5 frilled lizards
  6 rats
68 creatures vanquished.

Notes
Turn   | Place    | Note
-------+----------+-------------------------------------------
     0 | D:1      | MisterFreud the Octopode Gladiator began the quest for the
                  | Orb.
     0 | D:1      | Reached XP level 1. HP: 14/14 MP: 1/1
   331 | D:1      | You fall into a shaft and drop 1 floor!
   335 | D:2      | Reached XP level 2. HP: 21/21 MP: 2/2
   413 | D:2      | Reached XP level 3. HP: 24/26 MP: 3/3
  1518 | D:2      | Reached XP level 4. HP: 26/33 MP: 4/4
  2468 | D:2      | Reached XP level 5. HP: 37/37 MP: 5/5
  2867 | D:3      | Found a transporter.
  2867 | D:3      | Noticed Sassenached's ghost (amateur DgWn)
  2920 | D:3      | Killed from afar by an orc wizard

Illustrated notes

Levels and vault maps discovered:
D:1:      minmay_arrival_split_and_join, layout_basic
D:2:      wad_river_or_something, layout_basic, first_ration, minmay_hexomino_c4
D:3:      layout_loops_ring, gammafunk_ghost_arena

Skill      XL: |  1  2  3  4 |
---------------+-------------+-----
Fighting       | 3 4 |  4.0
Long Blades    | 4 |  4.8
Throwing       | |  2.0
Dodging        | |  3.0

Action                   |  1- 3 |  4- 6 || total
-------------------------+-------+-------++-------
Melee: Long sword        |    55 |    71 ||   126
       Constrict         |    14 |    24 ||    38
       Tentacles         |     8 |    21 ||    29
  Use: Potion            |       |     2 ||     2
 Stab: Sleeping          |     6 |     8 ||    14
       Distracted        |     1 |       ||     1
  Eat: Chunk             |     2 |     4 ||     6
Armor: Skin              |     4 |    17 ||    21
Dodge: Dodged            |    35 |    63 ||    98
       Rpst.: Long sword |     7 |    23 ||    30

Table legend:
 A = Non-vault XP
 B = Vault XP
 C = Vault XP percentage of total XP
 D = Non-vault monster count
 E = Vault monster count
 F = Vault count percentage of total count
                 A         B        C        D         E       F
            +---------+---------+-------+---------+---------+-------
      Total |     182 |      54 |  22.9 |      54 |      14 |  20.6
            +---------+---------+-------+---------+---------+-------
        D:1 |      38 |       0 |   0.0 |      21 |       0 |   0.0
        D:2 |      86 |      54 |  38.6 |      19 |      14 |  42.4
        D:3 |      58 |       0 |   0.0 |      14 |       0 |   0.0
            +---------+---------+-------+---------+---------+-------
